 Dungeon Crawl Stone Soup version 0.32-a0-613-g40f424ee2b (webtiles) character file.

Game seed: 265629539856809042

7770 feta the Grappler (level 11, -4/77 HPs)
             Began as an Octopode Shapeshifter on Mar 5, 2024.
             Was an Initiate of Gozag.
             Slain by an ice beast (13 damage)
             ... summoned by Fannar
             ... on level 11 of the Dungeon.
             The game lasted 00:43:04 (12503 turns).

feta the Grappler (Octopode Shapeshifter)          Turns: 12503, Time: 00:43:05

Health: -4/77      AC:  8    Str: 13    XL:     11   Next: 20%
Magic:  12/12      EV: 18    Int: 23    God:    Gozag
Gold:   331        SH:  5    Dex: 12    Spells: 8/12 levels left

rFire   . . .        d - +6 flail (protect)
rCold   . . .        U - +0 buckler
rNeg    + . .        (helmet currently unavailable)
rPois   +            k - amulet of the acrobat
rElec   .            g - ring of positive energy
rCorr   .            l - +5 ring of evasion
SInv    .            p - ring of poison resistance
Will    +....        x - ring of willpower
Stlth   ++           P - +6 ring of intelligence
HPRegen 0.32/turn    (no ring)
MPRegen 0.13/turn    (no ring)
                     (no ring)

%: acrobat
@: beast-form, under a protective aura
A: beast (slay +4), almost no armour, amphibious, 8 rings, camouflage 1,
gelatinous body 1, (nimble swimmer 1), tentacles
a: Begin Untransformation, Renounce Religion, Potion Petition, Call Merchant,
Bribe Branch


You were on level 11 of the Dungeon.
You worshipped Gozag.
Gozag was aware of your devotion.
You were a hulking beast.
You visited 2 branches of the dungeon, and saw 12 of its levels.

You collected 1345 gold pieces.
You spent 892 gold pieces at shops.
You paid 122 gold pieces to Gozag.

Inventory:

Hand Weapons
 d - a +6 flail of protection (weapon)
 e - a +0 quarterstaff
 q - a +4 war axe of flaming
 F - a +0 flail of holy wrath
 G - a +0 morningstar of flaming
 M - the +1 morningstar of the Furious {venom, *Slow rElec rN+++ Str-2}
   (You bought it in a shop on level 9 of the Dungeon)

   Str-2:     It affects your strength (-2).
   rElec:     It insulates you from electricity.
   rN+++:     It renders you almost immune to negative energy.
   *Slow:     It may slow you when you take damage.
Missiles
 N - 6 atropa-tipped darts
 O - 2 boomerangs (quivered)
 V - 4 poisoned darts
Armour
 K - a scarf of repulsion
 T - a +0 kite shield
 U - a +0 buckler (worn)
Magical Staves
 E - a staff of earth
Jewellery
 g - a ring of positive energy (left tentacle)
 k - an amulet of the acrobat (around mantle)
 l - a +5 ring of evasion (right tentacle)
 p - a ring of poison resistance (on tentacle)
 x - a ring of willpower (on tentacle)
 P - a +6 ring of intelligence (on tentacle)
Talismans
 b - a beast talisman (active)
 c - a flux talisman
 B - a serpent talisman
Wands
 i - a wand of flame (5)
Scrolls
 j - 5 scrolls of enchant weapon
 m - a scroll of fear
 r - 3 scrolls of immolation {unknown}
 s - a scroll of blinking {unknown}
 t - 2 scrolls of fog {unknown}
 v - 5 scrolls of identify {unknown}
 w - a scroll of silence {unknown}
 y - 4 scrolls of poison {unknown}
 C - 3 scrolls of amnesia {unknown}
 I - 2 scrolls of enchant armour {unknown}
 J - 2 scrolls of acquirement {unknown}
 L - 3 scrolls of teleportation
Potions
 a - 2 potions of lignification
 f - a potion of haste {unknown}
 h - 2 potions of berserk rage {unknown}
 n - 2 potions of invisibility {unknown}
 o - 5 potions of heal wounds
 u - 9 potions of curing
 z - 2 potions of might
 A - a potion of magic {unknown}
 D - 2 potions of brilliance {unknown}
 H - 2 potions of mutation {unknown}
 Q - a potion of resistance
 R - 2 potions of degeneration
 S - a potion of enlightenment


   Skills:
 + Level 8.3 Fighting
 - Level 3.0 Staves
 + Level 3.4 Dodging
 + Level 3.8 Shields
 + Level 8.8 Unarmed Combat
 + Level 1.1 Spellcasting
 - Level 7.0 Ice Magic
 + Level 8.1 Shapeshifting


You had 8 spell levels left.
You knew the following spells:

 Your Spells              Type           Power      Damage    Failure   Level
a - Freeze                Ice            100%       1d10      1%          1
r - Frozen Ramparts       Ice            66%        1d10      3%          3

Your spell library contained the following spells:

 Spells                   Type           Power      Damage    Failure   Level
 Hailstorm                Conj/Ice       17%        3d6       13%         3
 Summon Ice Beast         Ice/Summ       17%        N/A       13%         3
 Apportation              Tloc           2%         N/A       19%         1
 Magic Dart               Conj           4%         1d3       19%         1
 Necrotise                Necr           4%         1d4       19%         1
 Shock                    Conj/Air       4%         1d3       19%         1
 Slow                     Hex            4%         N/A       19%         1
 Sting                    Conj/Alch      4%         1d3       19%         1
 Summon Small Mammal      Summ           4%         N/A       19%         1
 Blink                    Tloc           2%         N/A       28%         2
 Call Imp                 Summ           2%         N/A       28%         2
 Sublimation of Blood     Necr           1%         N/A       28%         2
 Confusing Touch          Hex            1%         N/A       50%         3
 Sigil of Binding         Hex            1%         N/A       50%         3
 Swiftness                Air            1%         N/A       50%         3
 Vampiric Draining        Necr           1%         2d6       50%         3
 Airstrike                Air            0%         2d(1-17)  88%         4
 Martyr's Knell           Necr/Summ      1%         N/A       88%         4
 Petrify                  Alch/Erth      1%         N/A       88%         4
 Curse of Agony           Necr           1%         N/A       99%         5
 Irradiate                Conj/Alch      0%         3d11      99%         5
 Sculpt Simulacrum        Ice/Alch       8%         N/A       100%        6


Dungeon Overview and Level Annotations

Branches:
Dungeon (11/15)            Temple (1/1) D:5            Lair (0/5) D:10
    Orc: D:9-12

Altars:
Ashenzari
Cheibriados
Dithmenos
Elyvilon
Fedhas
Gozag
Hepliaklqana
Kikubaaqudgha
Makhleb
Nemelex Xobeh
Okawaru
Qazlal
Ru
Sif Muna
Trog
Uskayaw
Vehumet
Wu Jian
Xom
Yredelemnul
Zin
The Shining One

Shops:
D:9 [*!!

Annotations:
D:11 Fannar


Innate Abilities, Weirdness & Mutations

You are a hulking beast.
Your limbs bulge with bestial killing power. (Slay +4)
You cannot wear most types of armour.
You are amphibious.
You can wear up to eight rings at the same time.
Your skin changes colour to match your surroundings (Stealth+).
Your rubbery body absorbs attacks. (AC +1, EV +1)
((You are camouflaged when in or above water. (Stealth+)))
You have tentacles for arms and can constrict up to eight enemies at once.


Message History

You sock Fannar!
Your weapon exudes an aura of protection.
Your squeeze misses Fannar.
Fannar is lightly wounded.
You constrict Fannar, but do no damage.
Fannar hits you with a +0 quarterstaff of freezing!
Fannar freezes you.
You hit Fannar but do no damage. Your squeeze misses Fannar.
Fannar is lightly wounded.
You constrict Fannar. Fannar casts a spell at you. The bolt of cold hits you!!
You bludgeon Fannar!!
Fannar is heavily wounded.
You constrict Fannar.
Fannar hits you with a +0 quarterstaff of freezing.
Fannar freezes you.
Fannar gestures wildly while chanting.
Fannar drains the heat from the surrounding environment!
* * * LOW HITPOINT WARNING * * *
You hit Fannar. You squeeze Fannar.
Fannar is heavily wounded.
You constrict Fannar.
Fannar mumbles some strange words.
You sock Fannar! You squeeze Fannar.
Fannar is severely wounded.
You constrict Fannar.
Fannar mumbles some strange words.
Fannar drains the heat from the surrounding environment!
* * * LOW HITPOINT WARNING * * *
The ice beast barely misses you.
You hit Fannar. You squeeze Fannar, but do no damage.
Fannar is almost dead.
You constrict Fannar.
Fannar gestures wildly while chanting.
Fannar blinks free of you.
Fannar blinks free!
The ice beast hits you.
* * * LOW HITPOINT WARNING * * *
The ice beast freezes you!
You die...
Your body crumbles into a pile of gold.

.......#....#....#
.......##'###....#
..........)......#
.#####'####.....#
#........#.......#
#........#.......#
#........#.......#
#......Y.#.......#
#######h##.......#
....e.ยง..........#
###............
#....##+####. #....
#.... #.... #....


You could see Fannar and an ice beast (summoned).

Vanquished Creatures
  A boulder beetle (D:10)
  Pikel (D:8)
  Maggie (D:6)
  A komodo dragon (D:10)
  A tengu conjurer (D:10)
  2 trolls (D:10)
  Grinder (D:3)
  A hornet (D:9)
  Sigmund (D:6)
  A wyvern (D:9)
  A basilisk (D:10)
  2 steam dragons
  5 yaks (D:8)
  Edmund (D:5)
  Duvessa (D:7)
  2 orc warriors
  A sky beast (D:8)
  An ice beast (D:8)
  A black bear (D:4)
  A centaur (D:6)
  2 phantoms (D:6)
  4 lemures
  3 bullfrogs
  2 scorpions
  3 gnoll sergeants
  3 wights (D:7)
  Dowan (D:7)
  11 killer bees
  11 howler monkeys
  A hound (D:6)
  3 jellies
  8 orc priests
  4 iguanas
  2 sleepcaps (D:7)
  8 orc wizards
  Robin (D:3)
  21 gnolls
  11 adders
  4 white imps
  4 dart slugs
  2 ribbon worms
  25 orcs
  5 endoplasms
  8 giant cockroaches
  12 goblins
  12 hobgoblins
  14 jackals
  2 quokkas
  4 ball pythons
  5 bats
  A frilled lizard (D:2)
  7 kobolds
  9 rats
240 creatures vanquished.

Notes
Turn   | Place    | Note
-------+----------+-------------------------------------------
     0 | D:1      | feta the Octopode Shapeshifter began the quest for the Orb.
     0 | D:1      | Reached XP level 1. HP: 13/13 MP: 1/1
    75 | D:1      | Reached XP level 2. HP: 18/18 MP: 2/2
   415 | D:1      | Reached XP level 3. HP: 17/23 MP: 3/3
  1159 | D:2      | Reached XP level 4. HP: 29/29 MP: 4/4
  1286 | D:2      | Found a faded altar of an unknown god.
  1445 | D:2      | Reached XP level 5. HP: 33/35 MP: 5/5
  1811 | D:3      | Noticed Robin
  2233 | D:5      | Entered Level 5 of the Dungeon
  2275 | D:4      | Found a glowing golden altar of the Shining One.
  2504 | D:4      | Reached XP level 6. HP: 31/42 MP: 6/6
  2612 | D:4      | Noticed a black bear
  2622 | D:4      | Killed a black bear
  2734 | D:4      | Found a sacrificial altar of Ru.
  2792 | D:4      | Found a sparkling altar of Nemelex Xobeh.
  2792 | D:4      | Found an opulent altar of Gozag.
  2932 | D:3      | Killed Robin
  3058 | D:3      | Noticed Grinder
  3232 | D:5      | Found a staircase to the Ecumenical Temple.
  3248 | Temple   | Entered the Ecumenical Temple
  3581 | D:5      | Reached XP level 7. HP: 39/47 MP: 7/7
  3590 | D:5      | Noticed Edmund
  3745 | D:6      | Reached skill level 5 in Unarmed Combat
  3905 | D:6      | Reached skill level 1 in Staves
  3905 | D:6      | Reached skill level 1 in Ice Magic
  4178 | D:5      | Killed Edmund
  4277 | D:5      | Found a shimmering blue altar of Sif Muna.
  4279 | D:5      | Found a bloodstained altar of Trog.
  4464 | D:6      | Reached skill level 5 in Shapeshifting
  4467 | D:6      | Reached XP level 8. HP: 40/54 MP: 8/8
  4603 | D:6      | Found a stormy altar of Qazlal.
  4853 | D:6      | Noticed Sigmund
  5064 | D:6      | Reached skill level 5 in Fighting
  5257 | D:6      | Noticed Maggie
  5338 | D:7      | Noticed Dowan
  5339 | D:7      | Noticed Duvessa
  5349 | D:7      | Killed Dowan
  5395 | D:7      | Found a broken altar of Ashenzari.
  5533 | D:4      | Became a worshipper of Gozag Ym Sagoz the Greedy
  5662 | D:3      | Killed Grinder
  5663 | D:3      | Reached XP level 9. HP: 61/61 MP: 9/9
  5667 | D:3      | Found a white marble altar of Elyvilon.
  5705 | D:3      | Learned a level 3 spell: Frozen Ramparts
  5803 | D:3      | Found a radiant altar of Vehumet.
  7190 | D:7      | Identified the +6 dagger of Agony {heavy, Str+5}
  7320 | D:7      | Killed Duvessa
  8158 | D:8      | Reached skill level 5 in Ice Magic
  8364 | D:8      | Learned a level 1 spell: Freeze
  8636 | D:8      | Reached XP level 10. HP: 18/69 MP: 3/10
  9087 | D:8      | Identified the +0 robe of Minlotsash {rPois rC- Int+4
                  | Stlth+ Archmagi}
  9233 | D:9      | Found Afianit's Assorted Antiques.
  9250 | D:9      | Bought a silvery potion for 22 gold pieces
  9250 | D:9      | Bought a silvery potion for 22 gold pieces
  9250 | D:9      | Bought a glowing purple potion for 22 gold pieces
  9250 | D:9      | Bought a white potion for 22 gold pieces
  9250 | D:9      | Bought a crude morningstar for 225 gold pieces
  9250 | D:9      | Identified the +1 morningstar of the Furious {venom, *Slow
                  | rElec rN+++ Str-2} (You bought it in a shop on level 9 of
                  | the Dungeon)
  9443 | D:8      | Noticed Pikel
  9619 | D:9      | Found Vidioq's Armour Emporium.
  9735 | D:9      | Found Koro's Distillery.
  9743 | D:9      | Bought 2 potions of curing for 90 gold pieces
  9743 | D:9      | Bought a potion of curing for 45 gold pieces
  9743 | D:9      | Bought a potion of might for 60 gold pieces
  9743 | D:9      | Bought 2 potions of heal wounds for 150 gold pieces
  9743 | D:9      | Bought a potion of resistance for 150 gold pieces
  9992 | D:9      | Found a basalt altar of Yredelemnul.
  9992 | D:9      | Found a snail-covered altar of Cheibriados.
 10032 | D:9      | Found Kangal's Distillery.
 10040 | D:9      | Bought a potion of degeneration for 14 gold pieces
 10040 | D:9      | Bought a potion of enlightenment for 70 gold pieces
 10084 | D:9      | Found a blossoming altar of Fedhas.
 10183 | D:9      | Noticed a two-headed ogre
 10279 | D:8      | Killed Pikel
 10280 | D:8      | Reached skill level 1 in Shields
 10594 | D:8      | Found an ancient bone altar of Kikubaaqudgha.
 10664 | D:6      | Killed Sigmund
 10881 | D:6      | Killed Maggie
 11120 | D:10     | Entered Level 10 of the Dungeon
 11538 | D:10     | Reached XP level 11. HP: 77/77 MP: 7/11
 11889 | D:10     | Noticed a boulder beetle
 11917 | D:10     | Killed a boulder beetle
 12306 | D:10     | Found a staircase to the Lair.
 12331 | D:10     | Reached skill level 1 in Spellcasting
 12495 | D:11     | Noticed Fannar
 12503 | D:11     | Slain by an ice beast

Illustrated notes

Levels and vault maps discovered:
D:1:      dpeg_arrival_tiny_i, layout_basic, hex_intersection,
          minmay_misc_feat_room, serial_park_tiny_pond, grunt_decor_one_mirror,
          minmay_misc_feat_rugged
D:2:      cheibrodos_pilgrimage, layout_basic, basic_ecumenical_altar
D:3:      layout_basic, nicolae_overflow_crystal_walls, elyvilon_altar_1,
          uniq_grinder, uniq_robin
D:4:      wander_river, layout_loops_ring, grunt_temple_overflow_opulence,
          nicolae_ru_path_of_blood, mainiacjoe_overflow_six_doors_small
D:5:      layout_cave_pods, hellmonk_overflow_destroyed_library,
          minmay_temple_entry_drinking_statues, uniq_edmund
D:6:      layout_gridville, lemuel_round_altar, uniq_sigmund, uniq_maggie
D:7:      layout_layer_cave, cheibrodos_ashenzari_chains,
          minmay_strange_pillars, uniq_duvessa
D:8:      layout_gridville, kennysheep_little_box, uniq_pikel
D:9:      layout_loops_cross, gammafunk_temple_overflow_elements,
          lemuel_crystal_altar, serial_shops, shop, nicolae_shop_crystal, shop,
          nicolae_shop_tiny_waterfront, nicolae_figureground_pulse
D:10:     layout_loops_ring, david_lair_shrubbed
D:11:     layout_irregular_city, evilmike_butchery, uniq_erica, uniq_fannar
Temple:   hellmonk_temple_of_storms

Skill      XL: |  1  2  3  4  5  6  7  8  9 10 11 |
---------------+----------------------------------+-----
Fighting       | 2 3 4 5 6 8 |  8.3
Dodging        | 3 |  3.4
Unarmed Combat | 4 5 6 7 8 |  8.8
Shapeshifting  | 4 5 7 8 |  8.1
Staves         | 2 3 |  3.0
Ice Magic      | 2 3 5 6 7 |  7.0
Shields        | 3 |  3.8
Spellcasting   | 1 |  1.1

Action                     |  1- 3 |  4- 6 |  7- 9 | 10-12 || total
---------------------------+-------+-------+-------+-------++-------
  Melee: Mace              |    55 |    21 |       |       ||    76
         Constrict         |    18 |    33 |    45 |    17 ||   113
         Tentacles         |    11 |    25 |    62 |    36 ||   134
         Short sword       |       |    72 |    24 |       ||    96
         Flail             |       |    17 |   194 |   114 ||   325
  Throw: Dart              |       |    56 |    29 |    27 ||   112
         Boomerang         |       |       |       |    24 ||    24
   Cast: Frozen Ramparts   |       |       |     3 |    12 ||    15
  Evoke: Wand              |       |       |       |    17 ||    17
    Use: Scroll            |       |     2 |     6 |       ||     8
         Potion            |       |       |       |     1 ||     1
   Stab: Sleeping          |     2 |     3 |     1 |     1 ||     7
         Distracted        |       |     1 |     1 |     1 ||     3
 Armour: Skin              |    13 |    32 |    87 |    69 ||   201
  Dodge: Dodged            |    46 |    82 |   166 |   106 ||   400
  Block: Buckler           |       |       |       |     4 ||     4
   Form: Beast             |       |       |       |     1 ||     1
         Flux              |       |       |       |     1 ||     1

Table legend: (Time is in decaauts)
 A = Elapsed time spent in this place.
 B = Non-inter-level travel time spent in this place.
 C = Inter-level travel time spent in this place.
 D = Time resting spent in this place.
 E = Time spent auto-exploring this place.
 F = Levels seen in this place.
 G = Mean time per level.
                   A        B        C        D        E       F      G
               +--------+--------+--------+--------+--------+-----+--------+
         Total |  12656 |  11766 |    890 |   1721 |   6094 |  12 | 1054.7 |
       Dungeon |  12654 |  11764 |    890 |   1721 |   6094 |  11 | 1150.4 |
        Temple |      1 |      1 |      0 |      0 |      0 |   1 |    1.0 |
               +--------+--------+--------+--------+--------+-----+--------+

Top non-repeatable levels by time:
     D:6: 2016 daAuts
     D:7: 1753 daAuts
     D:8: 1634 daAuts
    D:10: 1293 daAuts
     D:5: 1194 daAuts
     D:4: 1142 daAuts
     D:1: 979 daAuts
     D:9: 939 daAuts
     D:2: 891 daAuts
     D:3: 699 daAuts
    D:11: 110 daAuts
  Temple: 1 daAuts
